 Dungeon Crawl Stone Soup version 0.29-a0-111-gbaf749a769 (console) character file.

Game seed: 11183092232240974568

53 CannotBeFrozen the Magician (level 3, -4/26 HPs)
             Began as a Demigod Earth Elementalist on Feb 18, 2022.
             Killed from afar by Terence (8 damage)
             ... with a puff of flame
             ... on level 3 of the Dungeon.
             The game lasted 00:07:52 (2216 turns).

CannotBeFrozen the Magician (DgEE)                  Turns: 2216, Time: 00:07:53

Health: -4/26      AC:  2    Str:  9    XL:     3   Next: 42%
Magic:  7/10       EV: 12    Int: 21    God:
Gold:   63         SH:  0    Dex: 14    Spells: 2/8 levels left

rFire   . . .      SeeInvis +   a - +3 mace
rCold   . . .      Faith    .   (no shield)
rNeg    . . .      Spirit   .   b - +0 robe
rPois   .          Reflect  .   (no helmet)
rElec   .          Harm     .   (no cloak)
rCorr   .          Rampage  .   (no gloves)
Will    .....                   (no boots)
Stlth   ++........              (no amulet)
HPRegen 0.08/turn               m - ring of see invisible
MPRegen 0.12/turn               (no ring)

@: no status effects
A: high MP 1, forlorn, divine attributes
a: no special abilities


You were on level 3 of the Dungeon.
You visited 1 branch of the dungeon, and saw 3 of its levels.

You collected 63 gold pieces.

Inventory:

Hand Weapons
 a - a +3 mace (weapon)
 h - a +1 mace of pain
 k - a +0 vampiric whip
 q - a +0 quarterstaff
Missiles
 c - 20 stones
Armour
 b - a +0 robe (worn)
 f - a +1 chain mail of cold resistance
Jewellery
 m - a ring of see invisible (left hand)
Scrolls
 g - a scroll of fear {unknown}
 i - a scroll of amnesia {unknown}
 l - a scroll of identify {unknown}
 n - a scroll of acquirement {unknown}
 p - a scroll of blinking {unknown}
Potions
 d - 5 potions of lignification {unknown}
 e - a potion of might {unknown}
 j - 4 potions of curing {unknown}
 o - a potion of mutation {unknown}


   Skills:
 - Level 1.7 Dodging
 - Level 1.7 Stealth
 + Level 3.4 Spellcasting
 - Level 0.8 Transmutations
 - Level 2.6 Earth Magic


You had 2 spell levels left.
You knew the following spells:

 Your Spells              Type           Power      Damage    Failure   Level
a - Sandblast             Erth           28%        2d8       4%          1
b - Stone Arrow           Conj/Erth      18%        3d8       22%         3
z - Blink                 Tloc           6%         N/A       19%         2

Your spell library contained the following spells:

 Spells                   Type           Power      Damage    Failure   Level
 Passwall                 Tmut/Erth      9%         N/A       10%         2
 Ignite Poison            Fire/Tmut/Pois 4%         N/A       34%         3
 Conjure Flame            Conj/Fire      3%         6-21      36%         3
 Lesser Beckoning         Tloc           3%         N/A       36%         3
 Petrify                  Tmut/Erth      11%        N/A       52%         4
 Sticky Flame             Conj/Fire      3%         2d3       77%         4
 Manifold Assault         Tloc           3%         N/A       98%         5


Dungeon Overview and Level Annotations

Branches:
Dungeon (3/15)

Annotations:
D:3 Terence


Innate Abilities, Weirdness & Mutations

You have an increased reservoir of magic. (+10% MP)
You shall have no god before yourself.
Your divine heritage dramatically boosts your attributes as you level up.


Message History

The kobold shouts!
The kobold throws a stone.
The stone hits you but does no damage.
You see here a +0 war axe.
You hit the kobold but do no damage. The kobold barely misses you.
You miss the kobold. The kobold hits you with a +0 whip.
Terence the Incautious comes into view.
He is wielding a +0 falchion and carrying a wand of flame (5).
The kobold hits you with a +0 whip.
HP: 21/26 (-5) =========--- !
The kobold hits you with a +0 whip.
HP: 19/26 (-2) ========---- You miscast Sandblast.
You are very lightly contaminated with residual magic.
Nothing appears to happen.
The kobold hits you but does no damage.
MP: 9/10 (-1)
The blast of sand hits the kobold!
You kill the kobold!
MP: 8/10 (-1)
Your magical contamination has completely faded away.
You start resting.
Terence is nearby!
The blast of sand hits Terence but does no damage.
Terence shouts!
Terence drinks a potion.
Terence seems to speed up.
The blast of sand hits Terence but does no damage.
MP: 8/10 (-1)
The blast of sand hits Terence but does no damage.
Terence hits you with a +0 falchion!
* * * LOW HITPOINT WARNING * * *
HP: 13/26 (-7) MP: 7/10 (-1) ======------ !!
You are too injured to fight recklessly!
You completely miss Terence. Terence closely misses you.
Terence zaps a wand.
The puff of flame hits you!
* * * LOW HITPOINT WARNING * * *
HP: 4/26 (-9) =----------- !!!
Press: ? - help, v - describe, . - travel
Here: Terence, wielding a +0 falchion, wearing a +0 scale mail and carrying a wand of flame (4) (fast)
The floor.
Terence zaps a wand.
The puff of flame misses you.
Terence zaps a wand.
The puff of flame hits you!
You die...

##.......## # #.###
#........# .# ##.#
####$......<# #.# #..#
#...........###.# #..#
#.#.)..)........# #..#
#.....#####.....######
#..# ##.#..#
#@.........# #..#
......#
#.)...####.###..#
###.##.#
#@....###...##..# #.
#.# #.###.##.###.#..#
# #.#####.###..)##
##...# #.......##...##
##.## #######......#
#.# #.##...# #.#
#..##...# .## ##.
####.# # .# ...


You could see Terence (fast).

Vanquished Creatures
  2 adders
  A worm (D:2)
  An orc (D:3)
  2 bats
  5 endoplasms
  A giant cockroach (D:3)
  3 goblins
  2 jackals (D:2)
  5 kobolds
  4 quokkas
  2 rats
28 creatures vanquished.

Notes
Turn   | Place    | Note
-------+----------+-------------------------------------------
     0 | D:1      | CannotBeFrozen the Demigod Earth Elementalist began the
                  | quest for the Orb.
     0 | D:1      | Reached XP level 1. HP: 14/14 MP: 5/5
   235 | D:1      | Reached skill level 2 in Spellcasting
   850 | D:2      | Reached XP level 2. HP: 17/20 MP: 5/8
  1731 | D:2      | Reached skill level 3 in Spellcasting
  1737 | D:2      | Reached XP level 3. HP: 21/26 MP: 7/10
  1798 | D:2      | Learned a level 3 spell: Stone Arrow
  1833 | D:2      | Learned a level 2 spell: Blink
  2192 | D:3      | Noticed Terence
  2216 | D:3      | Killed from afar by Terence

Illustrated notes

Levels and vault maps discovered:
D:1:      erik_arrival_blinker_ship, layout_basic,
          minmay_misc_feat_secret_circle
D:2:      cheibrodos_helix_gallery, layout_basic, basic_altar,
          shapermc_ecumenical_altar_mp_vishouse
D:3:      layout_loops_ring, uniq_terence

Skill      XL: |  1  2 |
---------------+-------+-----
Spellcasting   | 2 3 |  3.4
Dodging        | |  1.7
Stealth        | |  1.7
Transmutations | |  0.8
Earth Magic    | |  2.6

Action                   || total
-------------------------++-------
Melee: Mace              ||    16
       Whip              ||    39
       Punch             ||     1
Throw: Stone             ||     1
 Cast: Sandblast         ||    28
 Stab: Sleeping          ||     4
Armor: Robe              ||    10
Dodge: Dodged            ||    31

Table legend: (Time is in decaauts)
 A = Elapsed time spent in this place.
 B = Non-inter-level travel time spent in this place.
 C = Inter-level travel time spent in this place.
 D = Time resting spent in this place.
 E = Time spent auto-exploring this place.
 F = Levels seen in this place.
 G = Mean time per level.
                   A        B        C        D        E       F      G
               +--------+--------+--------+--------+--------+-----+--------+
         Total |   2223 |   2187 |     36 |    807 |    976 |   3 |  741.0 |
       Dungeon |   2223 |   2187 |     36 |    807 |    976 |   3 |  741.0 |
               +--------+--------+--------+--------+--------+-----+--------+

Top non-repeatable levels by time:
     D:2: 1176 daAuts
     D:1: 838 daAuts
     D:3: 208 daAuts
